 Dungeon Crawl Stone Soup version 0.29-a0-284-gf9362112df (webtiles) character file.

Game seed: 395959566049401078

73 spaghetti the Sneak (level 4, -1/30 HPs)
             Began as a Demonspawn Earth Elementalist on Mar 20, 2022.
             Slain by an orc
             ... wielding a +0 hand axe
              (5 damage)
             ... on level 4 of the Dungeon.
             The game lasted 00:03:23 (2299 turns).

spaghetti the Sneak (Demonspawn Earth Elementalist) Turns: 2299, Time: 00:03:24

Health: -1/30      AC:  2    Str:  9    XL:     4   Next: 8%
Magic:  7/7        EV: 12    Int: 16    God:
Gold:   92         SH:  0    Dex: 17    Spells: 4/7 levels left

rFire   . . .      SeeInvis .   d - +0 dagger (drain) {short}
rCold   . . .      Faith    .   (no shield)
rNeg    . . .      Spirit   .   (no body armour)
rPois   .          Reflect  .   (no helmet)
rElec   .          Harm     .   o - +0 cloak
rCorr   .          Rampage  .   f - +0 pair of gloves
Will    .....                   (no boots)
Stlth   ++++......              (no amulet)
HPRegen 0.10/turn               (no ring)
MPRegen 0.10/turn               (no ring)

@: brilliant
A: thin skeletal structure 1, weakness stinger 1
a: no special abilities


You were on level 4 of the Dungeon.
You visited 1 branch of the dungeon, and saw 4 of its levels.

You collected 92 gold pieces.


Innate Abilities, Weirdness & Mutations

You have a somewhat thin skeletal structure. (Dex +2, Stealth+)
You have a small tail.


   Skills:
 - Level 1.7 Dodging
 + Level 4.3 Stealth
 - Level 2.0 Spellcasting
 - Level 0.8 Transmutations
 - Level 2.6 Earth Magic


You had 4 spell levels left.
You knew the following spells:

 Your Spells              Type           Power      Damage    Failure   Level
a - Sandblast             Erth           30%        2d9       7%          1
b - Passwall              Tmut/Erth      8%         N/A       16%         2

Your spell library contained the following spells:

 Spells                   Type           Power      Damage    Failure   Level
 Stone Arrow              Conj/Erth      16%        3d8       34%         3
 Petrify                  Tmut/Erth      10%        N/A       69%         4

Inventory:

Hand Weapons
 d - a +0 dagger of draining (weapon) {short}
   (You found it on level 1 of the Dungeon)
Missiles
 a - 61 stones {throwing}
 g - a throwing net {=f!fthrowing}
Armour
 b - a +0 robe
 f - a +0 pair of gloves (worn)
   (You found it on level 1 of the Dungeon)
 o - a +0 cloak (worn)
   (You found it on level 3 of the Dungeon)
 p - the +0 robe of Infinity {rC+ Will+}
   (You found it on level 3 of the Dungeon)

   rC:        It protects you from cold.
   Will:      It increases your willpower.
Magical Staves
 h - a staff of poison {!astaff}
   (You found it on level 2 of the Dungeon)
Wands
 j - a wand of acid (10)
   (You found it on level 2 of the Dungeon)
Scrolls
 e - a scroll of identify {unknown}
 n - a scroll of brand weapon {unknown}
Potions
 c - a potion of magic
 i - a potion of might
 l - a potion of haste {unknown}
 m - a potion of degeneration {unknown}

Dungeon Overview and Level Annotations

Branches:
Dungeon (4/15)
 Temple: D:4-7

Altars:
Yredelemnul

Shops:
D:3 ! ## $####.. ..... ##..# #   Found an escape hatch in the floor.
There is a stone staircase leading up here.   Unknown command.
Unknown command.   An orc comes into view.   It is wielding a +0 dagger.
The orc shouts!   The orc wizard closely misses you.   You hit the orc wizard.
You drain the orc wizard.   The orc wizard hits you with a +0 dagger. * * *
LOW   HITPOINT   WARNING * * *   The orc hits you with a +0 hand axe. * * *
LOW   HITPOINT   WARNING * * * 😱 HP[-3]
You take 3 damage, and now have 7/30 hp.   Unknown command.
It was a potion of brilliance.   You feel clever all of a sudden.
The orc wizard hits you with a +0 dagger. * * *   LOW   HITPOINT
WARNING * * *   The orc hits you with a +0 hand axe.   You die...

Skill      XL: |  1  2 |
---------------+-------+-----
Stealth        | 2 4 |  4.3
Dodging        | |  1.7
Spellcasting   | |  2.0
Transmutations | |  0.8
Earth Magic    | |  2.6

Action                   |  1- 3 |  4- 6 || total
-------------------------+-------+-------++-------
Melee: Dagger            |    90 |     8 ||    98
       Tailslap          |       |     1 ||     1
 Cast: Passwall          |     1 |       ||     1
       Sandblast         |     1 |       ||     1
  Use: Potion            |     2 |     1 ||     3
       Scroll            |     1 |       ||     1
 Stab: Sleeping          |     8 |       ||     8
Armor: Robe              |    26 |       ||    26
       Skin              |       |     1 ||     1
Dodge: Dodged            |    58 |     3 ||    61

Levels and vault maps discovered:
D:1:      noname_arrival_rooms_in_the_neighbourhood, layout_basic,
          hellmonk_ecumenical_altar_zigzags, minmay_heptomino_h4
D:2:      layout_loops_cross, serial_co_window_serial,
          co_window_of_opportunity_a, co_window_of_opportunity_a,
          co_window_corner_a, co_window_paths_b, co_window_paths_a,
          co_window_of_opportunity_c, co_window_of_opportunity_b,
          co_window_of_opportunity_b, co_window_broadway_b,
          co_window_broadway_a, co_window_cross_2, glass_columns_c,
          glass_columns_b, glass_columns_a
D:3:      minmay_inner_zag, layout_rooms, chequers_temple_overflow_minitemple,
          nicolae_uskayaw_suspiria, lemuel_doored_altar, serial_shops,
          shop_statue, shop, shop, nicolae_shop_trees
D:4:      layout_rooms, gammafunk_ghost_nasty_kobolds, kennysheep_flooded_box

Notes
Turn   | Place    | Note
-------+----------+-------------------------------------------
     0 | D:1      | spaghetti the Demonspawn Earth Elementalist began the quest
                  | for the Orb.
     0 | D:1      | Reached XP level 1. HP: 13/13 MP: 3/3
     0 | D:1      | magus.rc [v1.9.6]
    33 | D:1      | HP: 2/13 [rat (3)]
    34 | D:1      | Reached skill level 2 in Stealth
   551 | D:2      | Gained mutation: You have a somewhat thin skeletal
                  | structure. (Dex +2, Stealth+) [demonic ancestry]
   551 | D:2      | Reached XP level 2. HP: 19/19 MP: 5/5
   913 | D:2      | Reached skill level 3 in Stealth
   990 | D:2      | Learned a level 2 spell: Passwall
  1527 | D:3      | Found Jeptud's Distillery.
  1551 | D:3      | Reached skill level 4 in Stealth
  1551 | D:3      | Reached XP level 3. HP: 10/24 MP: 6/6
  1555 | D:3      | HP: 4/24 [hobgoblin (4)]
  1741 | D:3      | Found a basalt altar of Yredelemnul.
  2017 | D:3      | Gained mutation: You have a small tail. [demonic ancestry]
  2017 | D:3      | Reached XP level 4. HP: 30/30 MP: 7/7
  2017 | D:3      | Identified the +0 robe of Infinity {rC+ Will+}
  2298 | D:4      | HP: 7/30 [orc/+0 hand axe (2)]
  2299 | D:4      | Slain by an orc

Vanquished Creatures
  A jelly (D:3)
  2 dart slugs
  2 orcs (D:3)
  4 bats
  3 endoplasms (D:3)
  A giant cockroach (D:2)
  5 goblins
  2 hobgoblins
  A kobold (D:3)
  3 quokkas
  2 ball pythons
  3 frilled lizards
  5 rats
34 creatures vanquished.

Table legend:
 A = Non-vault XP
 B = Vault XP
 C = Vault XP percentage of total XP
 D = Non-vault monster count
 E = Vault monster count
 F = Vault count percentage of total count
                 A         B        C        D         E       F
            +---------+---------+-------+---------+---------+-------
      Total |      94 |      11 |  10.5 |      29 |       5 |  14.7
            +---------+---------+-------+---------+---------+-------
        D:1 |       7 |       0 |   0.0 |       3 |       0 |   0.0
        D:2 |      27 |       0 |   0.0 |      16 |       0 |   0.0
        D:3 |      60 |      11 |  15.5 |      10 |       5 |  33.3
            +---------+---------+-------+---------+---------+-------

Illustrated notes

Table legend:
 A = Kills in this place as a percentage of kills in entire the game.
 B = Kills by you in this place as a percentage of kills by you in the entire game.
 C = Kills by friends in this place as a percentage of kills by friends in the entire game.
 D = Other kills in this place as a percentage of other kills in the entire game.
 E = Experience gained in this place as a percentage of experience gained in the entire game.
 F = Experience gained in this place divided by the number of levels of this place that you have seen.
                   A       B       C       D       E      F
               +-------+-------+-------+-------+-------+----------------------
         Total | 100.0 | 100.0 |   N/A |   N/A | 100.0 |  26.2
       Dungeon | 100.0 | 100.0 |   N/A |   N/A | 100.0 |  26.2
               +-------+-------+-------+-------+-------+----------------------

Table legend: (Time is in decaauts)
 A = Elapsed time spent in this place.
 B = Non-inter-level travel time spent in this place.
 C = Inter-level travel time spent in this place.
 D = Time resting spent in this place.
 E = Time spent auto-exploring this place.
 F = Levels seen in this place.
 G = Mean time per level.
                   A        B        C        D        E       F      G
               +--------+--------+--------+--------+--------+-----+--------+
         Total |   2299 |   2251 |     48 |    730 |   1114 |   4 |  574.8 |
       Dungeon |   2299 |   2251 |     48 |    730 |   1114 |   4 |  574.8 |
               +--------+--------+--------+--------+--------+-----+--------+

Top non-repeatable levels by time:
     D:2: 1180 daAuts
     D:3: 777 daAuts
     D:1: 338 daAuts
     D:4: 2 daAuts
